 Dungeon Crawl Stone Soup version 0.20.1-1-g8b1a95d (webtiles) character file.

173 Kingsmith the Shield-Bearer (level 5, -6/32 HPs)
             Began as a Gargoyle Fighter on Dec 11, 2017.
             Mangled by an ogre
             ... wielding a +0 giant club
              (18 damage)
             ... on level 4 of the Dungeon.
             The game lasted 00:02:46 (2005 turns).

Kingsmith the Shield-Bearer (Gargoyle Fighter)      Turns: 2005, Time: 00:02:47

Health: -6/32      AC: 10    Str: 24    XL:     5   Next: 53%
Magic:  5/5        EV:  7    Int:  9    God:
Gold:   120        SH: 10    Dex: 10    Spells: 4/4 levels left

rFire    . . .     SeeInvis .     - Unarmed
rCold    . . .     Gourm    .   b - +0 shield
rNeg     + . .     Faith    .   a - +0 scale mail
rPois    ∞         Spirit   .   (no helmet)
rElec    +         Reflect  .   (no cloak)
rCorr    .         Harm     .   (no gloves)
MR       .....                  (no boots)
Stlth    ..........             (no amulet)
Regen    0.1/turn               (no ring)
MPRegen  0.1/turn               (no ring)

@: mighty
A: negative energy resistance 1, electricity resistance, unbreathing,
petrification resistance, rot immunity, AC +4
a: no special abilities


You were on level 4 of the Dungeon.
You were not hungry.

You visited 1 branch of the dungeon, and saw 4 of its levels.

You collected 120 gold pieces.

Inventory:

Armour
 a - a +0 scale mail (worn)
 b - a +0 shield (worn)
Jewellery
 j - an uncursed amulet of faith {unknown}
Wands
 k - a wand of polymorph (11/24)
 p - a wand of digging (8/24)
 q - a wand of iceblast (5/15)
 t - a wand of lightning (11/15)
Scrolls
 g - 3 scrolls of identify {unknown}
 h - 4 scrolls of teleportation {unknown}
 i - a scroll of magic mapping {unknown}
 n - a scroll of amnesia {unknown}
 r - a scroll of remove curse {unknown}
Potions
 e - 2 potions of invisibility {unknown}
 f - a potion of magic {unknown}
 l - a potion of berserk rage {unknown}
 m - a potion of heal wounds {unknown}
 o - a potion of cancellation {unknown}
 s - a potion of curing {unknown}
Comestibles
 d - a bread ration


   Skills:
 - Level 3.2 Fighting
 - Level 3.2 Armour
 + Level 5.2 Shields
 + Level 4.1 Unarmed Combat


You had 4 spell levels left.
You didn't know any spells.

Dungeon Overview and Level Annotations

Branches:
Dungeon (4/15)
 Temple: D:4-7

Altars:
Nemelex Xobeh
Yredelemnul

Annotations:
D:3 markt42's ghost, amateur GrFi


Innate Abilities, Weirdness & Mutations

You are resistant to torment.
Your stone body is resilient. (AC +4)
You are immune to poison.
You resist negative energy. (rN+)
You are resistant to electric shocks. (rElec)
You can survive without breathing.
You are immune to petrification.
You are immune to rotting.


Message History

Ouch! That really hurt!
You are too injured to fight recklessly!
You are too injured to fight recklessly!
You are too injured to fight recklessly!
You are too injured to fight recklessly!
Sorry, you're not good enough to have a special ability.
Unknown command.
Okay, then.
Wield which item (- for none, * to show all)? (? for menu, Esc to quit)
c - a potion of might (in hand) Really attack while wielding your potion of might? [Y]es or [N]o only, please.
Really attack while wielding your potion of might? [Y]es or [N]o only, please.
Really attack while wielding your potion of might?
Okay, then.
You feel very mighty all of a sudden.
You are now empty-handed.
The ogre hits you with a giant club!!
Ouch! That really hurt!
You die...

######## #......# #.####.#
#.# #.# #.# #.# #O# #.#
#@####.#########
#.##............ #
######.##.#.#########
#.######......##.#........#
........#######.########.#
######.###..##.(...).......
.........#..##.####.######.
######.#....[# ..#
#.#.#.###.# ###


You could see an ogre.

Vanquished Creatures
  A crimson imp (D:3)
  A centaur skeleton (D:3)
  3 adders
  An ooze (D:1)
  3 dart slugs
  2 leopard geckos (D:3)
  3 orcs (D:3)
  8 bats
  4 giant cockroaches
  10 goblins
  5 hobgoblins
  3 jackals (D:2)
  A quokka (D:3)
  2 ball pythons (D:3)
  4 frilled lizards
  6 kobolds
  14 rats
71 creatures vanquished.

Notes
Turn   | Place    | Note
-------+----------+-------------------------------------------
     0 | D:1      | Kingsmith the Gargoyle Fighter began the quest for the Orb.
     0 | D:1      | Reached XP level 1. HP: 14/14 MP: 1/1
   105 | D:1      | Reached XP level 2. HP: 16/19 MP: 2/2
   310 | D:1      | Reached XP level 3. HP: 23/23 MP: 3/3
   314 | D:1      | Reached skill level 4 in Shields
  1089 | D:2      | Reached XP level 4. HP: 28/28 MP: 4/4
  1302 | D:2      | Found a sparkling altar of Nemelex Xobeh.
  1411 | D:3      | Reached XP level 5. HP: 27/32 MP: 5/5
  1500 | D:3      | Found a basalt altar of Yredelemnul.
  1610 | D:3      | Reached skill level 5 in Shields
  1687 | D:3      | Noticed markt42's ghost (amateur GrFi)
  1981 | D:4      | Noticed an ogre
  2005 | D:4      | Mangled by an ogre

Skill      XL: |  1  2  3  4  5 |
---------------+----------------+-----
Shields        | 4 5 |  5.2
Unarmed Combat | 3 4 |  4.1
Fighting       | |  3.2
Armour         | |  3.2

Action                   |  1- 3 |  4- 6 || total
-------------------------+-------+-------++-------
Melee: Unarmed           |   139 |   166 ||   305
  Use: Potion            |       |     1 ||     1
  Eat: Chunk             |     1 |     3 ||     4
Armor: Scale mail        |    68 |   106 ||   174
Dodge: Dodged            |    39 |    37 ||    76
Block: Shield            |    75 |    87 ||   162
